 Dungeon Crawl Stone Soup version 0.31.0-11-ge490571c62 (webtiles) character file.

Game seed: 10011610480686437626

62 Silvore the Trooper (level 3, -3/29 HPs)
             Began as a Demonspawn Fighter on Feb 7, 2024.
             Slain by a gnoll
             ... wielding a +0 flail
              (7 damage)
             ... on level 2 of the Dungeon.
             The game lasted 00:02:43 (2605 turns).

Silvore the Trooper (Demonspawn Fighter)            Turns: 2605, Time: 00:02:44

Health: -3/29      AC:  6    Str: 18    XL:     3   Next: 85%
Magic:  3/3        EV:  9    Int:  8    God:
Gold:   90         SH:  8    Dex: 12    Spells: 2/2 levels left

rFire   . . .        a - +1 long sword
rCold   . . .        c - +0 buckler
rNeg    . . .        b - +0 scale mail
rPois   .            (no helmet)
rElec   .            (no cloak)
rCorr   .            (no gloves)
SInv    .            (no boots)
Will    .....        (no amulet) Stlth
                     (no ring)
HPRegen 0.24/turn    (no ring)
MPRegen 0.08/turn

%: no passive effects
@: no status effects
A: powered by death 1, condensation shield
a: no special abilities


You were on level 2 of the Dungeon.
You visited 1 branch of the dungeon, and saw 3 of its levels.

You collected 90 gold pieces.

Inventory:

Hand Weapons
 a - a +1 long sword (weapon)
Armour
 b - a +0 scale mail (worn)
 c - a +0 buckler (worn)
Jewellery
 i - a ring of magical power
Scrolls
 e - 3 scrolls of identify
 h - a scroll of poison {unknown}
 n - a scroll of revelation
 o - a scroll of enchant weapon
 p - a scroll of vulnerability
Potions
 d - a potion of might
 f - a potion of degeneration {unknown}
 g - a potion of invisibility {unknown}
 j - a potion of cancellation {unknown}
 k - a potion of haste {unknown}
 l - a potion of attraction
 m - a potion of brilliance


   Skills:
 + Level 3.5 Fighting
 + Level 2.6 Long Blades
 + Level 3.1 Armour
 + Level 0.5 Dodging
 + Level 2.8 Shields


You had 2 spell levels left.
You didn't know any spells.
Your spell library contained the following spells:

 Spells                   Type           Power      Damage    Failure   Level
 Cigotuvi's Dreadful Rot  Necr/Alch/Air  0%         N/A       95%         2
 Summon Ice Beast         Ice/Summ       0%         N/A       99%         3
 Dispel Undead            Necr           0%         3d6       100%        4
 Martyr's Knell           Necr/Summ      0%         N/A       100%        4
 Summon Mana Viper        Hex/Summ       0%         N/A       100%        5
 Death Channel            Necr           0%         N/A       100%        6
 Monstrous Menagerie      Summ           0%         N/A       100%        7


Dungeon Overview and Level Annotations

Branches:
Dungeon (3/15)

Altars:


Innate Abilities, Weirdness & Mutations

You regenerate a little health from kills.
A meltable shield of frost defends you. (SH +4)


Message History

You block the gnoll's attack. The gnoll hits you with a +0 flail!
You block the gnoll's attack.
The gnoll hits you from afar with a +0 halberd!
* * * LOW HITPOINT WARNING * * *
You closely miss the gnoll.
The gnoll is almost dead.
The gnoll misses you. The gnoll attacks as it pursues you!
The gnoll hits you but does no damage. The gnoll attacks as it pursues you!
You block the gnoll's attack. The gnoll attacks as it pursues you!
The gnoll hits you but does no damage.
There is a stone staircase leading up here.
You climb upwards.
There is a stone staircase leading down here.
You start resting.
HP restored.
You start waiting.
Done waiting.
There is a stone staircase leading down here.
You climb downwards.
You block the gnoll's attack. x2
The gnoll hits you with a +0 club. The gnoll closely misses you.
The gnoll hits you with a +0 whip.
There is a stone staircase leading up here.
You hit the gnoll.
The gnoll is heavily wounded.
The gnoll closely misses you. The gnoll hits you with a +0 flail.
The gnoll hits you with a +0 whip.
The gnoll hits you from afar with a +0 halberd.
You block the gnoll's attack.
You block the gnoll's attack. x2; The gnoll barely misses you.
The gnoll hits you with a +0 club.
* * * LOW HITPOINT WARNING * * *
You climb upwards.
There is a stone staircase leading down here.
The gnoll attacks as it pursues you! You block the gnoll's attack.
The gnoll barely misses you. The gnoll attacks as it pursues you!
The gnoll hits you with a +0 club.
* * * LOW HITPOINT WARNING * * *
The gnoll attacks as it pursues you! The gnoll closely misses you.
The gnoll attacks as it pursues you! The gnoll hits you with a +0 flail!
You die...

#.>....#.#.##### #.##.#
#######.####.#.#.....#
#.....
###.........#....#.....#
####.#
#.)...###.#...#######..#
#.# #.#.#.#
#.###....#.....# #..
#...#.#
#.####.#.#.###.#### #..
#..##.#
#...<..#.#........# ###
##.....#
########.....#.##.# #
#.....##
#...gg@.##.....##.# #
#.#.#.#
#.......##....).#.#####
#.#...#
#.>.g...#.......#.#....
#.###.#
#......................
#.....#
#.................#....
#####.#
#.............########.
#.# #.......#.....# #.
#.#############.#### ##.
#.......##### #.# #..


You could see 3 gnolls.

Vanquished Creatures
  2 adders
  5 bats
  4 endoplasms
  A giant cockroach (D:1)
  4 goblins
  6 hobgoblins
  2 quokkas
  2 ball pythons
  2 frilled lizards
  7 kobolds
  9 rats
44 creatures vanquished.

Notes
Turn   | Place    | Note
-------+----------+-------------------------------------------
     0 | D:1      | Silvore the Demonspawn Fighter began the quest for the Orb.
     0 | D:1      | Reached XP level 1. HP: 18/18 MP: 1/1
   188 | D:1      | Gained mutation: You regenerate a little health from kills.
                  | [demonic ancestry]
   188 | D:1      | Reached XP level 2. HP: 20/24 MP: 2/2
  1015 | D:1      | Gained mutation: A meltable shield of frost defends you.
                  | (SH +4) [demonic ancestry]
  1015 | D:1      | Reached XP level 3. HP: 29/29 MP: 3/3
  2605 | D:2      | Slain by a gnoll

Illustrated notes

Levels and vault maps discovered:
D:1:      saegor_arrival_simple_e, layout_basic
D:2:      layout_loops_cross, minmay_tetromino_s4
D:3:      layout_basic, minmay_misc_feat_square

Skill      XL: |  1  2  3 |
---------------+----------+-----
Long Blades    | 2 |  2.6
Armour         | 3 |  3.1
Fighting       | |  3.5
Dodging        | |  0.5
Shields        | |  2.8

Action                     || total
---------------------------++-------
  Melee: Long sword        ||   152
    Use: Scroll            ||     8
 Armour: Scale mail        ||   127
  Dodge: Dodged            ||    76
  Block: Buckler           ||    48
